 Dungeon Sprint DCSS version 0.30-a0-1103-g25895a7845 (webtiles) character file.

Game seed: 8895896711664764225

15230 fozzywoppz the End of an Era (level 11, -10/101 HPs)
             Began as a Demonspawn Fighter on Apr 18, 2023.
             Was the Champion of Qazlal.
             Mangled by a death cob (21 damage)
             ... in the Dungeon (Sprint VII: "The Pits").
             The game lasted 00:08:07 (2287 turns).

fozzywoppz the End of an Era (Demonspawn Fighter)   Turns: 2287, Time: 00:08:08

Health: -10/101    AC: 20    Str: 19    XL:     11   Next: 99%
Magic:  23/23      EV: 12    Int: 15    God:    Qazlal [******]
Gold:   52         SH: 14    Dex: 15    Spells: 10/10 levels left

rFire   . . .      SeeInvis .    f - +2 war axe (freeze)
rCold   . . .      Faith    .    c - +0 buckler
rNeg    . . .      Spirit   .    b - +4 chain mail
rPois   .          Reflect  .    (no helmet)
rElec   .          Rampage  .    (no cloak)
rCorr   .          NoTele   +    r - +0 pair of gloves
Will    .....                    (no boots) Stlth
                                 (no amulet)
HPRegen 0.36/turn                d - +3 ring of intelligence
MPRegen 0.18/turn                o - +3 ring of intelligence

@: slowed, repel missiles, very slow
A: hooves 2, yellow scales 1
a: Renounce Religion, Upheaval, Elemental Force, Disaster Area


You were in the Dungeon.
You worshipped Qazlal.
Qazlal was exalted by your worship.
You visited 1 branch You collected 52 gold pieces.

Inventory:

Hand Weapons
 a - a +0 war axe
 f - a +2 war axe of freezing (weapon)
Missiles
 C - 2 javelins (quivered)
Armour
 b - a +4 chain mail (worn)
 c - a +0 buckler (worn)
 r - a +0 pair of gloves (worn)
Jewellery
 d - a +3 ring of intelligence (left hand)
 o - a +3 ring of intelligence (right hand)
 s - an amulet of faith
 w - a ring of protection from cold
Wands
 t - a wand of paralysis (10)
Scrolls
 j - 2 scrolls of identify
 l - 5 scrolls of amnesia
 m - a scroll of butterflies
 u - 5 scrolls of blinking
 v - a scroll of poison
 x - 2 scrolls of enchant armour
 y - 4 scrolls of enchant weapon
 z - 2 scrolls of fog
 A - a scroll of fear
Potions
 e - 7 potions of curing
 g - 4 potions of haste
 h - 4 potions of magic
 i - 4 potions of berserk rage
 k - 2 potions of invisibility
 n - 15 potions of heal wounds
 p - 3 potions of might
 q - a potion of resistance
 B - a potion of mutation


   Skills:
 + Level 14.8 Fighting
 + Level 13.3 Axes
 + Level 13.6 Armour
 - Level 10.0 Dodging
 - Level 8.0 Shields
 + Level 16.6 Invocations


You had 10 spell levels left.
You didn't know any spells.
Your spell library contained the following spells:

 Spells                   Type           Power      Damage    Failure   Level
 Ignite Poison            Fire/Tmut/Pois 0%         N/A       99%         3
 Sticky Flame             Conj/Fire      0%         2d3       100%        4
 Ignition                 Fire           0%         3d3       100%        8


Dungeon Overview and Level Annotations

Branches:
Dungeon (1/1)

Altars:
Ashenzari
Cheibriados
Dithmenos
Fedhas
Gozag
Hepliaklqana
Kikubaaqudgha
Makhleb
Nemelex Xobeh
Okawaru
Qazlal
Ru
Sif Muna
Trog
Uskayaw
Vehumet
Wu Jian
Xom
Yredelemnul
Jiyva
Lugonu


Innate Abilities, Weirdness & Mutations

You have hoof-like feet.
You are partially covered in yellow scales. (AC +2)


Message History

The death cob is engulfed in freezing vapours.
You block the death cob's attack. The death cob closely misses you.
You block the death cob's attack.
The death cob is engulfed in freezing vapours.
The death cob hits you but does no damage.
You slash the centaur! You freeze the centaur. You kick the centaur.
The centaur is severely wounded.
You slash the death cob!
The death cob is engulfed in freezing vapours.
You block the death cob's attack.
The death cob is engulfed in freezing vapours.
You block the death cob's attack.
The centaur hits you but does no damage.
You block the centaur's attack.
The death cob is engulfed in freezing vapours.
The death cob hits you!! The centaur barely misses you.
The centaur kicks you but does no damage.
You hit the centaur. You freeze the centaur.
You kill the centaur!
Qazlal accepts your kill.
You completely miss the death cob.
The death cob is engulfed in freezing vapours.
The death cob barely misses you.
The death cob is engulfed in freezing vapours.
The death cob hits you!
The death cob is engulfed in freezing vapours.
The death cob hits you!
* * * LOW HITPOINT WARNING * * *
You hit the death cob.
The death cob is severely damaged.
The death cob is engulfed in blazing flames.
The death cob hits you!
* * * LOW HITPOINT WARNING * * *
The death cob drains your vigour!
You feel as though you will be slow longer.
The death cob is engulfed in blazing flames.
The death cob hits you but does no damage.
The death cob is engulfed in blazing flames.
The death cob hits you!!
You die...

+#######################
...............☼@z......
.....†.........°.§......
.##############++#######
.# .# .# .# .# .#


You could see a death cob.

Vanquished Creatures
  A rakshasa (D)
  2 hydras (D)
  A merfolk avatar (D)
  A death yak (D)
  A deep troll (D)
  2 deep elf zephyrmancers (D)
  An orc sorcerer (D)
  A guardian serpent (D)
  A black mamba (D)
  2 elephants (D)
  An orange demon (D)
  A smoke demon (D)
  Psyche (D)
  A cane toad (D)
  A kobold demonologist (D)
  A freezing wraith (D)
  A guardian mummy (D)
  A hellwing (D)
  A tarantella (D)
  19 dream sheep (D)
  2 hornets (D)
  A flying skull (D)
  A spriggan (D)
  A water elemental (D)
  2 wyverns (D)
  A steam dragon (D)
  4 vampire mosquitoes (D)
  A warg (D)
  A redback (D)
  A swamp drake (D)
  A centaur (D)
  4 wolves (D)
  2 phantoms (D)
  3 kobold brigands (D)
  A gnoll sergeant (D)
  A necrophage (D)
  A scorpion (D)
  4 wights (D)
  2 hounds (D)
  7 orc priests (D)
  An orc wizard (D)
  5 gnolls (D)
  4 adders (D)
  A river rat (D)
  An ufetubus (D)
  An adder skeleton (D)
  7 orcs (D)
  A ball python (D)
  2 jackals (D)
  5 kobolds (D)
  A quokka (D)
  A frilled lizard (D)
  A quokka zombie (D)
113 creatures vanquished.

Notes
Turn   | Place    | Note
-------+----------+-------------------------------------------
     0 | D        | fozzywoppz the Demonspawn Fighter began the quest for the
                  | Orb.
     0 | D        | Reached XP level 1. HP: 18/18 MP: 1/1
    15 | D        | Gained mutation: You have large cloven feet. [demonic
                  | ancestry]
    15 | D        | Reached XP level 2. HP: 16/25 MP: 2/2
    41 | D        | Found a basalt altar of Yredelemnul.
    41 | D        | Found a shimmering altar of Xom.
    41 | D        | Found an ornate altar of the Wu Jian Council.
    41 | D        | Found a bloodstained altar of Trog.
    41 | D        | Found a shimmering blue altar of Sif Muna.
    41 | D        | Found a sacrificial altar of Ru.
    41 | D        | Found a stormy altar of Qazlal.
    41 | D        | Found an iron altar of Okawaru.
    41 | D        | Found a sparkling altar of Nemelex Xobeh.
    41 | D        | Found a burning altar of Makhleb.
    41 | D        | Found a viscous altar of Jiyva.
    41 | D        | Found a hazy altar of Hepliaklqana.
    41 | D        | Found an opulent altar of Gozag.
    41 | D        | Found a blossoming altar of Fedhas.
    41 | D        | Found a shadowy altar of Dithmenos.
    41 | D        | Found a snail-covered altar of Cheibriados.
    42 | D        | Found a radiant altar of Vehumet.
    42 | D        | Found a corrupted altar of Lugonu.
    43 | D        | Found a hide-covered altar of Uskayaw.
    43 | D        | Found an ancient bone altar of Kikubaaqudgha.
    43 | D        | Found a broken altar of Ashenzari.
    46 | D        | Became a worshipper of Qazlal Stormbringer
    56 | D        | Noticed a scorpion
    61 | D        | Killed a scorpion
    62 | D        | Reached skill level 5 in Fighting
    62 | D        | Reached XP level 3. HP: 22/33 MP: 3/3
    62 | D        | Reached XP level 4. HP: 26/39 MP: 4/4
   149 | D        | Reached * piety under Qazlal
   169 | D        | Reached ** piety under Qazlal
   171 | D        | Reached skill level 5 in Armour
   171 | D        | Reached skill level 5 in Shields
   171 | D        | HP: 2/40 [orc priest/nerve-wracking pain (13)]
   174 | D        | Reached XP level 5. HP: 19/46 MP: 5/5
   175 | D        | Reached *** piety under Qazlal
   180 | D        | Reached skill level 5 in Axes
   292 | D        | Noticed a phantom
   296 | D        | Noticed a warg
   313 | D        | Reached XP level 6. HP: 48/55 MP: 6/6
   328 | D        | Reached **** piety under Qazlal
   329 | D        | Reached skill level 2 in Invocations
   338 | D        | Killed a warg
   339 | D        | Reached skill level 4 in Invocations
   343 | D        | Reached ***** piety under Qazlal
   414 | D        | Noticed Psyche
   420 | D        | Killed Psyche
   421 | D        | Reached skill level 6 in Invocations
   421 | D        | Gained mutation: You are partially covered in yellow
                  | scales. (AC +2) [demonic ancestry]
   421 | D        | Reached XP level 7. HP: 63/63 MP: 9/11
   570 | D        | Noticed a cane toad
   570 | D        | Noticed a kobold demonologist
   591 | D        | Killed a cane toad
   592 | D        | Reached skill level 7 in Invocations
   592 | D        | Reached XP level 8. HP: 29/71 MP: 13/13
   603 | D        | Noticed an ice devil
   611 | D        | Killed a kobold demonologist
   611 | D        | Reached ****** piety under Qazlal
   612 | D        | Reached skill level 1 in Dodging
   612 | D        | Reached skill level 8 in Invocations
   781 | D        | Noticed a hornet
   785 | D        | Killed a hornet
   786 | D        | Reached skill level 10 in Fighting
   786 | D        | Reached skill level 9 in Invocations
   792 | D        | Noticed a black mamba
   793 | D        | Noticed a guardian serpent
   797 | D        | Killed a black mamba
   798 | D        | Reached XP level 9. HP: 60/79 MP: 14/16
   806 | D        | Killed a guardian serpent
   807 | D        | Reached skill level 10 in Invocations
   992 | D        | Reached skill level 10 in Armour
   993 | D        | Reached skill level 5 in Dodging
   994 | D        | Reached skill level 11 in Invocations
   997 | D        | Reached skill level 10 in Axes
  1004 | D        | Noticed a hellwing
  1016 | D        | Gained mutation: You have hoof-like feet. [demonic
                  | ancestry]
  1016 | D        | Reached XP level 10. HP: 65/88 MP: 18/18
  1031 | D        | Reached skill level 12 in Invocations
  1042 | D        | Noticed an elephant
  1054 | D        | Killed an elephant
  1118 | D        | Noticed a five-headed hydra
  1123 | D        | HP: 4/89 [eight-headed hydra (8)]
  1129 | D        | Killed an eight-headed hydra
  1355 | D        | Noticed a six-headed hydra
  1359 | D        | Noticed a deep troll
  1359 | D        | Noticed an elephant
  1365 | D        | Killed an elephant
  1366 | D        | Reached skill level 13 in Invocations
  1366 | D        | Killed a ten-headed hydra
  1371 | D        | Killed a deep troll
  1561 | D        | Noticed a smoke demon
  1577 | D        | Reached skill level 14 in Invocations
  1577 | D        | Reached XP level 11. HP: 77/98 MP: 12/21
  1592 | D        | Noticed an orc sorcerer
  1612 | D        | Noticed a deep elf zephyrmancer
  1615 | D        | Killed an orc sorcerer
  1616 | D        | Reached skill level 15 in Invocations
  1626 | D        | Killed a deep elf zephyrmancer
  1682 | D        | Noticed a deep elf zephyrmancer
  1686 | D        | Killed a deep elf zephyrmancer
  1692 | D        | Noticed a rakshasa
  1707 | D        | Killed a rakshasa
  1708 | D        | Reached skill level 10 in Dodging
  2050 | D        | Reached skill level 16 in Invocations
  2068 | D        | Noticed a death yak
  2078 | D        | Killed a death yak
  2113 | D        | Noticed a merfolk avatar
  2130 | D        | Killed a merfolk avatar
  2269 | D        | Upgraded the game from 0.30-a0-1094-g860fb061e7 to
                  | 0.30-a0-1103-g25895a7845
  2278 | D        | Noticed a death cob
  2287 | D        | Mangled by a death cob

Illustrated notes

Levels and vault maps discovered:
D:        pitsprint [storerooms_1, entrance_room_1, metal_vault_6, armoury_1,
          mini_pit_1, grid_room_1, main_hall_1, silver_pit, the_coven_1,
          the_vestibule_1, steel_vault_5, golden_pit, hallway_of_sentries,
          crystal_vault_1, iron_vault_1, final_vault]

Skill      XL: |  1  2  3  4  5  6  7  8  9 10 11 |
---------------+----------------------------------+-----
Axes           | 2 3 4 5 7 8 9 10 11 13 | 13.3
Armour         | 3 4 5 6 7 8 9 10 12 13 | 13.6
Shields        | 3 4 5 6 7 8 |  8.0
Fighting       | 5 7 8 9 10 11 13 14 | 14.8
Invocations    | 6 7 9 11 14 16 | 16.6
Dodging        | 3 6 8 10 | 10.0

Action                     |  1- 3 |  4- 6 |  7- 9 | 10-12 || total
---------------------------+-------+-------+-------+-------++-------
  Melee: War axe           |     9 |    84 |    82 |   144 ||   319
         Kick              |     2 |    22 |    25 |    53 ||   102
 Invoke: Upheaval          |       |       |       |     8 ||     8
         Disaster Area     |       |       |       |     3 ||     3
    Use: Potion            |       |     1 |     2 |     2 ||     5
         Scroll            |       |       |       |     1 ||     1
 Armour: Scale mail        |     6 |     8 |       |       ||    14
         Chain mail        |       |    34 |    35 |    86 ||   155
  Dodge: Dodged            |     4 |    26 |    22 |    74 ||   126
         Repelled          |       |       |       |     1 ||     1
  Block: Buckler           |     1 |    40 |    56 |   143 ||   240

Table legend: (Time is in decaauts)
 A = Elapsed time spent in this place.
 B = Non-inter-level travel time spent in this place.
 C = Inter-level travel time spent in this place.
 D = Time resting spent in this place.
 E = Time spent auto-exploring this place.
 F = Levels seen in this place.
 G = Mean time per level.
                   A        B        C        D        E       F      G
               +--------+--------+--------+--------+--------+-----+--------+
         Total |   2331 |   2331 |      0 |   1301 |     39 |   1 | 2331.0 |
       Dungeon |   2331 |   2331 |      0 |   1301 |     39 |   1 | 2331.0 |
               +--------+--------+--------+--------+--------+-----+--------+

Top non-repeatable levels by time:
       D: 2331 daAuts
